 Dungeon Crawl Stone Soup version 0.21-a0-142-gdd972a7 (webtiles) character file.

335 Ordine the Magician (level 6, 0/32 HPs)
             Began as a Deep Elf Wizard on July 23, 2017.
             Slain by Grinder (5 damage)
             ... while paralysed by Grinder
             ... on level 3 of the Dungeon.
             The game lasted 00:14:25 (4568 turns).

Ordine the Magician (Deep Elf Wizard)               Turns: 4568, Time: 00:14:26

Health: 0/32       AC:  5    Str:  4    XL:     6   Next: 28%
Magic:  2/16       EV:  2    Int: 25    God:
Gold:   166        SH:  0    Dex: 17    Spells: 5/16 levels left

rFire    . . .     SeeInvis .   n - +1 dagger (venom)
rCold    . . .     Gourm    .   (no shield)
rNeg     . . .     Faith    .   a - +0 robe
rPois    .         Spirit   .   o - +2 helmet of Pusoj {MR+ Dex+4}
rElec    .         Reflect  .   (no cloak)
rCorr    .         Harm     .   (no gloves)
MR       +....                  (no boots)
Stlth    +++.......             (no amulet)
HPRegen  0.10/turn              (no ring)
MPRegen  0.15/turn              (no ring)

@: paralysed, very slightly contaminated
A: no striking features
a: no special abilities


You were on level 3 of the Dungeon.
You were not hungry.

You visited 1 branch of the dungeon, and saw 4 of its levels.

You collected 166 gold pieces.

Inventory:

Hand Weapons
 n - a +1 dagger of venom (weapon)
Armour
 a - a +0 robe (worn)
 o - the +2 helmet of Pusoj (worn) {MR+ Dex+4}
   (You found it on level 4 of the Dungeon)

   It affects your dexterity (+4).
   It affects your resistance to hostile enchantments.
Scrolls
 e - a scroll of amnesia
 f - 2 scrolls of remove curse
 g - a scroll of identify
 k - a scroll of magic mapping
Potions
 b - a potion of curing
 h - a potion of resistance {unknown}
 i - a potion of flight
 j - a potion of agility
Books
 c - a book of Minor Magic

   Spells                             Type                      Level
   a - Magic Dart                     Conjuration                  1
   b - Blink                          Translocation                2
   c - Call Imp                       Summoning                    2
   d - Slow                           Hexes                        2
   e - Conjure Flame                  Conjuration/Fire             3
   f - Mephitic Cloud                 Conjuration/Poison/Air       3
Comestibles
 d - a bread ration
 l - a meat ration


   Skills:
 + Level 4.3 Dodging
 + Level 3.8 Stealth
 + Level 5.6 Spellcasting
 + Level 3.1 Conjurations
 - Level 1.1 Summonings
 + Level 2.0 Translocations
 + Level 2.1 Fire Magic
 + Level 1.5 Air Magic


You had 5 spell levels left.
You knew the following spells:

 Your Spells              Type           Power        Failure   Level  Hunger
a - Magic Dart            Conj           ###.         1%          1    None
b - Blink                 Tloc           N/A          4%          2    None
c - Conjure Flame         Conj/Fire      ###.....     8%          3    #......
d - Mephitic Cloud        Conj/Pois/Air  ##......     12%         3    #......
e - Call Imp              Summ           ##......     8%          2    None


Dungeon Overview and Level Annotations

Branches:
Dungeon (4/15)
 Temple: D:4-7

Altars:
Okawaru

Annotations:
D:3 Grinder


Message History

The puff of frost hits Grinder.
Grinder resists.
You swap places.
Grinder hits your white imp!
Your white imp dies!
Your crimson imp blinks!
You see here a goblin corpse.
Casting: Call Imp
Confirm with . or Enter, or press ? or * to list all spells.
Aiming: Magic Dart
Press: ? - help, Shift-Dir - straight line, f - Grinder
Aim: Grinder (moderately wounded)
The magic dart hits Grinder.
Grinder is heavily wounded.
Grinder gestures at you.
You suddenly lose the ability to move!
Grinder hits you!
You writhe in agony.
Grinder hits you.
You writhe in agony.
Grinder hits you!
* * * LOW HITPOINT WARNING * * *
You writhe in agony.
You die...

##....#.# #..#.
#....#.####....
#....#........#
#....######.#.###
###### ...# #
#..# # #. #..##.#
#.. #55..#
#.#.##@####
#.....5.#
####.##.#
##..#'###
#.....).#
#.......#
#.......#
#....>..#
#.......#


You could see Grinder and 2 friendly crimson imps.

Vanquished Creatures
  An ogre (D:4)
  Jessica (D:3)
  A worker ant (D:4)
  Robin (D:2)
  3 gnolls (D:2)
  9 adders
  An ooze (D:1)
  2 worms (D:4)
  2 leopard geckos
  2 orcs (D:3)
  20 goblins
  6 hobgoblins
  2 jackals (D:3)
  6 kobolds
  4 quokkas
  6 bats
  7 frilled lizards
  A quokka skeleton (D:4)
  5 rats
80 creatures vanquished.

Notes
Turn   | Place    | Note
-------+----------+-------------------------------------------
     0 | D:1      | Ordine the Deep Elf Wizard began the quest for the Orb.
     0 | D:1      | Reached XP level 1. HP: 10/10 MP: 7/7
   472 | D:1      | Reached XP level 2. HP: 15/15 MP: 4/9
   518 | D:1      | Learned a level 2 spell: Blink
  1091 | D:2      | Reached XP level 3. HP: 19/19 MP: 4/11
  1138 | D:2      | Learned a level 3 spell: Conjure Flame
  1142 | D:2      | Learned a level 3 spell: Mephitic Cloud
  1342 | D:2      | Reached skill level 5 in Spellcasting
  1683 | D:2      | Reached XP level 4. HP: 17/24 MP: 5/13
  2335 | D:3      | Noticed Robin
  2371 | D:2      | Killed Robin
  2371 | D:2      | Reached skill level 1 in Fire Magic
  2567 | D:2      | Reached skill level 1 in Air Magic
  2609 | D:2      | Reached XP level 5. HP: 8/28 MP: 0/14
  2918 | D:3      | Noticed Jessica
  2927 | D:3      | Killed Jessica
  3220 | D:3      | Noticed Grinder
  3894 | D:4      | Found an iron altar of Okawaru.
  3904 | D:4      | Noticed an ogre
  3913 | D:4      | Killed an ogre
  3913 | D:4      | Reached XP level 6. HP: 32/32 MP: 4/16
  4203 | D:4      | Got a shimmering helmet
  4307 | D:4      | Identified the +2 helmet of Pusoj {MR+ Dex+4} (You found it on level 4 of the Dungeon)
  4524 | D:3      | Learned a level 2 spell: Call Imp
  4564 | D:3      | Paralysed by Grinder for 6 turns
  4568 | D:3      | Slain by Grinder

Vault maps used:
D:1:      wheals_arrival_linesprint
D:3:      first_bread, uniq_jessica, uniq_robin, uniq_grinder
D:4:      lemuel_crystal_altar

Skill      XL: |  1  2  3  4  5 |
---------------+----------------+-----
Conjurations   | 2 3 |  3.1
Dodging        | 3 4 |  4.3
Spellcasting   | 5 |  5.6
Stealth        | 3 |  3.8
Fire Magic     | 1 2 |  2.1
Air Magic      | 1 |  1.5
Translocations | 2 |  2.0
Summonings     | |  1.1

Action                   |  1- 3 |  4- 6 || total
-------------------------+-------+-------++-------
Melee: Whip              |       |    49 ||    49
 Cast: Magic Dart        |    71 |   125 ||   196
       Mephitic Cloud    |     1 |     3 ||     4
       Conjure Flame     |     1 |     1 ||     2
       Call Imp          |       |     7 ||     7
  Use: Scroll            |     6 |     5 ||    11
       Potion            |       |     3 ||     3
  Eat: Chunk             |     2 |     7 ||     9
       Bread ration      |       |     1 ||     1
Armor: Robe              |       |    18 ||    18
       Skin              |       |     7 ||     7
Dodge: Dodged            |     9 |    75 ||    84
